cohdb
Replays
Latest Replays
All Replays
Popular Replays
Top Player Replays
Match Explorer
How It Works
Community
CoH3 Stats
Reddit
Sign in to upload your games and track your stats! →
Sign in with Steam
Match 33128995
Unlisted
Match 33128995
Overview
Messages
Build Orders
End
Panzergrenadier Squad
Selects Italian Infantry
Panzergrenadier Squad
Panzergrenadier Squad
Construct Light Support Kompanie
Assault Grenadier Squad
Fire Support Elements
Selects Guastatori Squad
Guastatori Squad
Pak 38 Anti-tank Gun Team
Guastatori Squad
Selects Registered Artillery
Construct Mechanized Kompanie
Chilean Commander
Muad'Div
Sander
Princess
Agua de Jamaica
ImperatorCuth
0
0
Comments
sign in to comment!
No comments posted yet!